Zazza, neutral female human Tourist ----------- |.........| |..>..rr... |..{rrr...|# |...r.@f...## ----+------# # ### # ### # ### ## ### # # ####` # ###-----------.--- #..........`...| |...........<.+ --------------- Zazza the Rambler Experience level: 1 Strength: 12 Dexterity: 10 Constitution: 14 Intelligence: 15 Wisdom: 8 Charisma: 18 Health: 0(10) Energy: 6(6) Def: 0 Gold: 935 Moves: 2042 Dungeon seed: 2ZqlC_E2eTk7Yqx9 Game ID: Zazza_1619020524 Your Inventory: Coins $ - 935 gold pieces Weapons a - 27 +2 darts (in quiver) C - a +0 dagger (weapon in hand) T - 10 cursed +0 elven arrows Armor e - an uncursed +0 Hawaiian shirt (being worn) Comestibles c - 6 uncursed food rations d - 2 uncursed eggs h - an uncursed tripe ration u - 2 uncursed tripe rations v - an uncursed food ration D - an uncursed apple F - an uncursed egg U - an uncursed lichen corpse Scrolls j - an uncursed scroll of magic mapping p - an uncursed scroll of magic mapping E - an uncursed scroll of identify L - an uncursed scroll of punishment R - an uncursed scroll of gold detection Spellbooks M - an uncursed spellbook of extra healing Potions i - 2 uncursed potions of extra healing t - an uncursed potion of levitation B - an uncursed potion of see invisible J - an uncursed potion of object detection Rings x - an uncursed ring of cold resistance Wands A - a wand of light (0:14) Tools k - an uncursed skeleton key l - an uncursed credit card o - a frost horn (0:5) K - an uncursed blindfold N - an expensive camera (0:30) Gems n - an uncursed worthless piece of blue glass Spells and supernatural/magical abilities: Name Level Category Fail Memory W - pray for help -- divine ? -- Your skills at the end: Fighting Skills Weapon Skills dart [Basic] Spellcasting Skills Final Attributes: You were nominally aligned. You are dead. Vanquished creatures: a shrieker an acid blob 7 coyotes a large kobold a yellow mold a red mold a gnome zombie a gecko 10 jackals 2 kobolds 3 goblins 18 grid bugs 4 lichens 2 newts 53 creatures vanquished. Voluntary challenges: You were vegetarian. You used a wielded weapon 1 time, starting on turn 843. You read items or engraved 10 times, starting on turn 706. You never genocided any monsters. You never polymorphed an object. You never changed form. You used no wishes. You never split a pudding. You wrote Elbereth's name 3 times, starting on turn 1271. You never violated your personal moral code. Dungeon overview: The Dungeons of Doom: levels 1 to 5 Level 1 a long staircase Level 2 a general store Level 3 a general store stairs to The Gnomish Mines Level 4 a sink Level 5 <- You were here a fountain The Gnomish Mines: Level 4 stairs to The Dungeons of Doom History has recorded: On T:1 you entered the Dungeons of Doom to retrieve the Amulet of Yendor! On T:365 you reached level 2 of The Dungeons of Doom. On T:1006 you reached level 3 of The Dungeons of Doom. On T:1154 you reached level 1 of The Gnomish Mines. On T:1371 you reached level 4 of The Dungeons of Doom. On T:1979 you reached level 5 of The Dungeons of Doom. Score breakdown: Gold: 337 ( 8602 points) Experience: 1 level ( 0 points) Exploration: 5 levels ( 9.62%) ( 8401 points) Discoveries: 8 items ( 2.68%) ( 4915 points) Valuables value: (no points given unless you survive) Artifact value: 0 ( 0 points) Variety of kills: 14 monsters ( 3.67%) ( 5750 points) Turncount: 2042 turns ( -31 points) Survival: died (score multiplied by 80%) Total score: 22109 Latest messages: The lichen is killed! You see here a lichen corpse. U - a lichen corpse. You hear a door open. (2x) You displace Armand. You stop. Armand is in the way! The wererat hits! You displace Armand. Armand bites the wererat. You displace Armand. The wererat summons help! The wererat hits! You write in the dust with your fingers. The rabid rat turns to flee! The giant rat turns to flee! The rabid rat turns to flee! The giant rat turns to flee! The wererat changes into a rat. The wererat hits! You die... Final status: Aloha Zazza the Tourist, killed by a wererat... You died in The Dungeons of Doom on dungeon level 5 with 22109 points, and 935 pieces of gold, after 2042 moves. You were level 1 with a maximum of 10 hit points when you died.